 Dungeon Sprint DCSS version 0.16.1-28-gcc2312f (webtiles) character file.

1600000 Kidiri the Warrior (level 14, -32/172 HPs)
             Began as a Troll Berserker on May 28, 2015.
             Was a Priest of Trog.
             Annihilated by a meat berserker
             ... wielding a +9 battleaxe
              (60 damage)
             ... in the Dungeon (Sprint VIII: "Arena of Blood").
             The game lasted 00:01:19 (16 turns).

Kidiri the Warrior (Troll Berserker)                  Turns: 16, Time: 00:01:19

Health: -32/172    AC:  6    Str: 32    XL:     14   Next: 27%
Magic:  5/5        EV: 14    Int:  3    God:    Trog [***...]
Gold:   0          SH:  0    Dex:  9    Spells: 0 memorised, 13 levels left

rFire  . . .     SeeInvis .     j - +∞ Axe of Woe
rCold  . . .     Clarity  .     b - +0 animal skin
rNeg   . . .     SustAb   .     (shield restricted)
rPois  .         Gourm    +     (helmet restricted)
rElec  .         Spirit   .     (no cloak)
rCorr  .         Warding  .     (gloves unavailable)
rMut   .         NoTele   +     (boots unavailable)
MR     +....                    (no amulet)
Stlth  +.........               (no ring)
                                k - +30 ring of slaying

@: somewhat resistant to hostile enchantments, very unstealthy
A: unfitting armour, claws 3, fast metabolism 3, gourmand, regeneration 2,
shaggy fur 1, tough skin 2
a: Burn Spellbooks, Berserk, Trog's Hand, Renounce Religion


You were in the Dungeon.
You worshipped Trog.
Trog was most pleased with you.
You were not hungry.

You visited 1 branch

Inventory:

Hand weapons
 a - a +0 hand axe
 j - the +∞ Axe of Woe (weapon)
   (You found it in the Dungeon)
Armour
 b - a +0 animal skin (worn)
Jewellery
 k - a +30 ring of slaying (left claw)
 l - a +30 ring of slaying
Scrolls
 i - a scroll of blinking
Potions
 d - a potion of curing
 e - a potion of heal wounds
 f - a potion of haste
 g - 2 potions of magic
 h - a potion of berserk rage
Comestibles
 c - 2 meat rations


   Skills:
 * Level 19.0 Fighting
 * Level 19.0 Axes
 * Level 15.1 Armour
 + Level 12.3 Dodging


You had 13 spell levels left.
You didn't know any spells.

Dungeon Overview and Level Annotations

Branches:
Dungeon (1/1)

Altars:
Makhleb


Innate Abilities, Weirdness & Mutations

You are too large for most types of armour.
You have claws for hands.
Your metabolism is lightning-fast.
You like to eat raw meat.
You heal very quickly.
You are covered in fur (AC +1).
You have very tough skin (AC +2).


Message History

3 orcs come into view.
Put on which piece of jewellery? (? for menu, Esc to quit)
k - a +30 ring of slaying (left claw)
The bag of meat shouts! x2
You hear a shout! x5
A bag of meat comes into view. It is wielding a +9 war axe.
A bag of meat comes into view. It is wielding a +9 war axe.
The bag of meat shouts! x2
You hear a shout! x2
The meat berserker rages.
You hear a shout! x4
The destroyer blinks!
The bag of meat moves out of view.
You hear a shout! 4 orcs come into view.
Items here: )) == ††
l - a +30 ring of slaying The bag of meat shouts! x3
You hear a shout! x7
The meat berserker hits you with a +9 battleaxe!!!
You die...

........ ....o.o..
......o.. #.
...V.# #.. .o..#
.. .###..
...###...
......###.........
......._.O)......o
...#....@#.......
#_.<.O# .....
#.....# ....
......_..... ...
......###.......
.###.. ...###..
#.. o..# #. ...#
..


ooo. You could see a destroyer, 2 meat berserkers and 9 bags of meat.

Vanquished Creatures
  2 ogres (D)
  3 orcs (D)
5 creatures vanquished.

Notes
Turn   | Place    | Note
--------------------------------------------------------------
     0 | D        | Kidiri, the Troll Berserker, began the quest for the Orb.
     0 | D        | Reached XP level 1. HP: 22/22 MP: 1/1
     3 | D        | Noticed a bag of meat
     4 | D        | Noticed a bag of meat
     5 | D        | Noticed a bag of meat
     8 | D        | Killed a bag of meat
     8 | D        | Reached skill level 14 in Fighting
     8 | D        | Reached XP level 2. HP: 26/55 MP: 1/1
     8 | D        | Reached XP level 3. HP: 29/63 MP: 2/2
     8 | D        | Reached XP level 4. HP: 33/72 MP: 2/2
     8 | D        | Reached XP level 5. HP: 36/80 MP: 2/2
     8 | D        | Reached XP level 6. HP: 40/89 MP: 3/3
     8 | D        | Reached XP level 7. HP: 43/97 MP: 3/3
     8 | D        | Reached XP level 8. HP: 46/106 MP: 3/3
     8 | D        | Reached XP level 9. HP: 49/114 MP: 4/4
     8 | D        | Reached XP level 10. HP: 52/123 MP: 4/4
     8 | D        | Reached XP level 11. HP: 55/131 MP: 4/4
     9 | D        | Killed a bag of meat
     9 | D        | Acquired Trog's second power
     9 | D        | Reached skill level 16 in Fighting
     9 | D        | Reached XP level 12. HP: 60/146 MP: 5/5
    10 | D        | Noticed a bag of meat
    10 | D        | Noticed a meat berserker
    11 | D        | Noticed a meat berserker
    11 | D        | Noticed a meat berserker
    12 | D        | Noticed a meat berserker
    12 | D        | Killed a meat berserker
    12 | D        | Reached skill level 17 in Fighting
    12 | D        | Reached skill level 10 in Dodging
    12 | D        | Reached XP level 13. HP: 23/157 MP: 5/5
    12 | D        | Killed a bag of meat
    12 | D        | Reached skill level 18 in Fighting
    13 | D        | Noticed a destroyer
    13 | D        | Noticed a bag of meat
    13 | D        | Killed a meat berserker
    13 | D        | Reached skill level 19 in Fighting
    13 | D        | Reached skill level 15 in Armour
    13 | D        | Reached XP level 14. HP: 25/172 MP: 5/5
    14 | D        | Noticed a bag of meat
    14 | D        | Noticed a bag of meat
    14 | D        | Noticed a bag of meat
    15 | D        | Noticed a bag of meat
    15 | D        | Noticed a bag of meat
    16 | D        | Noticed a bag of meat
    16 | D        | Noticed a bag of meat
    16 | D        | Noticed a bag of meat
    16 | D        | Noticed a bag of meat
    16 | D        | Annihilated by a meat berserker

Action                   |  1- 3 |  4- 6 |  7- 9 | 10-12 | 13-15 || total
-------------------------+-------+-------+-------+-------+-------++-------
Melee: Executioner's axe |     1 |       |       |     2 |     1 ||     4
